Map: Abyssal Reef LE

Players

Neeb - Winner!

  • Race: Protoss Protoss
  • Spawn Location: 11:00

Serral

  • Race: Zerg Zerg
  • Spawn Location: 5:00

Event: WCS Jonkoping 2017

VOD

https://youtu.be/Yz2PPL1lVmQ

Description

Time

  • Played on: June 19, 2017, 1:42 p.m.
  • Length: 11:44

All games in this series

Show
View Real Time Build Order
Export as new Build Order

Neeb Protoss - Winner!

Build Orders: 1 Gate Expand, Oracle Opening, Phoenix Opening 

Get SALT Encoding   

  12  0:00  Probe (Chrono Boost)  
  13  0:11  Probe (Chrono Boost)  
  14  0:18  Pylon  
  14  0:22  Probe (Chrono Boost)  
  15  0:37  Probe (Chrono Boost)  
  15  0:40  Gateway  
  16  0:47  Probe (Chrono Boost)  
  16  0:49  Assimilator  
  17  0:58  Probe (Chrono Boost)  
  17  1:00  Pylon  
  18  1:08  Probe (Chrono Boost)  
  19  1:23  Nexus  
  19  1:29  Probe (Chrono Boost)  
  20  1:36  Cybernetics Core  
  20  1:39  Probe (Chrono Boost)  
  21  1:45  Assimilator  
  21  1:50  Probe (Chrono Boost)  
  22  1:54  Pylon  
  22  2:00  Probe (Chrono Boost)  
  23  2:12  Probe, Warp Gate, Adept (Chrono Boost)  
  26  2:24  Probe  
  27  2:33  Probe  
  27  2:35  Stargate  
  27  2:36  Probe  
  29  2:40  Adept (Chrono Boost)  
  31  2:44  Probe  
  31  2:48  Probe  
  33  2:55  Probe  
  34  3:00  Probe  
  34  3:03  Adept (Chrono Boost)  
  37  3:05  Probe (Chrono Boost)  
  37  3:13  Probe (Chrono Boost)  
  37  3:16  Probe (Chrono Boost)  
  37  3:17  Oracle (Chrono Boost)  
  42  3:22  Gateway  
  42  3:24  Probe  
  42  3:27  Gateway  
  43  3:31  Pylon, Probe  
  44  3:37  Mothership Core  
  46  3:41  Pylon  
  46  3:47  Probe  
  46  3:51  Phoenix (Chrono Boost)  
  49  3:58  Probe x2  
  49  3:59  Pylon  
  51  4:10  Probe  
  51  4:11  Probe  
  56  4:17  Oracle (Chrono Boost)  
  56  4:21  Nexus  
  56  4:24  Probe  
  56  4:25  Probe  
  58  4:32  Adept x2  
  58  4:34  Adept  
  58  4:36  Probe  
  65  4:40  Assimilator  
  65  4:42  Probe, Assimilator  
  66  4:46  Probe  
  66  4:52  Pylon  
  67  4:54  Probe  
  67  4:55  Pylon  
  67  4:57  Probe  
  69  5:00  Robotics Facility  
  69  5:06  Probe  
  70  5:08  Probe  
  71  5:18  Probe  
  71  5:19  Probe  
  66  5:29  Probe  
  66  5:30  Probe  
  66  5:33  Forge, Probe  
  66  5:34  Twilight Council  
  69  5:35  Sentry  
  69  5:38  Zealot, Sentry  
  69  5:40  Probe  
  76  5:42  Probe  
  76  5:44  Pylon, Probe  
  76  5:48  Warp Prism (Chrono Boost)  
  80  5:50  Probe  
  80  5:55  Probe  
  80  5:56  Probe, Protoss Ground Weapons Level 1, Assimilator  
  83  5:58  Assimilator  
  83  5:59  Charge (Chrono Boost), Gateway x2  
  83  6:01  Probe  
  83  6:02  Gateway  
  84  6:05  Gateway  
  84  6:08  Probe  
  84  6:09  Probe  
  86  6:13  Probe  
  87  6:20  Observer (Chrono Boost), Probe, Pylon  
  87  6:21  Probe  
  87  6:23  Zealot  
  87  6:24  Zealot, Sentry  
  96  6:27  Pylon  
  96  6:33  Photon Cannon, Probe  
  96  6:35  Pylon  
  96  6:38  Probe  
  99  6:42  Immortal (Chrono Boost)  
  99  6:45  Templar Archives  
  102  7:07  Photon Cannon  
  102  7:10  Gateway  
  102  7:11  Nexus  
  102  7:13  Photon Cannon  
  106  7:16  Pylon, Immortal (Chrono Boost)  
  106  7:21  Psionic Storm  
  106  7:29  High Templar x3  
  112  7:30  Probe x2  
  112  7:31  Probe  
  115  7:39  Pylon  
  115  7:41  High Templar  
  115  7:42  Pylon, Probe, Protoss Ground Weapons Level 2  
  115  7:43  Probe x2  
  120  7:44  Photon Cannon  
  120  7:45  Pylon, High Templar  
  120  7:50  Zealot x2, Immortal (Chrono Boost)  
  130  7:57  Assimilator  
  130  8:00  Assimilator  
  130  8:12  High Templar x2  
  132  8:19  Photon Cannon  
  134  8:21  Photon Cannon  
  134  8:23  Photon Cannon  
  134  8:24  Photon Cannon, Immortal (Chrono Boost)  
  138  8:27  Photon Cannon  
  138  8:28  Archon  
  138  8:29  Zealot, Pylon  
  138  8:30  Zealot x3  
  146  8:43  High Templar x2  
  146  8:44  Zealot  
  146  8:47  Archon  
  152  8:58  Immortal (Chrono Boost)  
  152  9:02  High Templar x2  
  158  9:06  Archon  
  158  9:12  Zealot x4  
  150  9:32  Immortal (Chrono Boost)  
  150  9:44  Zealot x2  
  150  9:45  Zealot x6  
  160  9:51  Nexus  
  160  9:52  Robotics Facility  
  152  9:53  Probe  
  152  9:54  Probe x3  
  146  10:05  High Templar x7  
  146  10:06  Probe, High Templar  
  146  10:07  Immortal (Chrono Boost)  
  155  10:10  Gateway  
  155  10:14  Archon x3  
  155  10:15  Gateway  
  155  10:16  Archon  
  155  10:18  Pylon  
  155  10:19  Gateway  
  155  10:23  Gateway  
  155  10:27  Photon Cannon  
  155  10:28  Pylon  
  155  10:31  Photon Cannon  
  155  10:32  Photon Cannon  
  155  10:41  Immortal (Chrono Boost)  
  163  10:44  Zealot x4  
  163  10:45  Zealot x3  
  163  10:48  Immortal (Chrono Boost)  
  177  10:50  Photon Cannon  
  177  10:55  Fleet Beacon  
  177  11:16  Zealot x8  
  177  11:30  Zealot x4  
  183  11:37  Zealot x8  
Show
View Real Time Build Order
Export as new Build Order

Serral Zerg 

Build Orders: Pool First 

Get SALT Encoding   

  12  0:00  Drone  
  13  0:13  Overlord  
  13  0:17  Drone  
  14  0:31  Drone  
  14  0:32  Drone  
  14  0:35  Drone  
  17  0:51  Drone  
  17  0:53  Spawning Pool  
  17  1:06  Extractor  
  17  1:10  Drone  
  17  1:18  Drone  
  18  1:24  Drone  
  19  1:30  Hatchery  
  18  1:35  Drone  
  18  1:39  Queen  
  19  1:40  Zergling x2  
  22  1:50  Overlord  
  22  2:05  Metabolic Boost  
  22  2:09  Drone  
  22  2:12  Drone  
  22  2:15  Queen  
  24  2:22  Zergling x2  
  27  2:33  Drone  
  28  2:45  Drone x2  
  28  2:51  Drone x2  
  31  2:55  Overlord  
  31  2:57  Drone  
  32  3:00  Hatchery  
  32  3:04  Queen  
  33  3:10  Overlord  
  33  3:16  Drone x2  
  33  3:17  Drone  
  36  3:22  Overlord  
  36  3:25  Drone  
  36  3:26  Drone  
  38  3:29  Drone  
  38  3:33  Drone x2  
  38  3:34  Drone  
  42  3:41  Spore Crawler  
  42  3:42  Queen  
  42  3:45  Drone  
  44  3:50  Overlord  
  44  3:52  Drone x2  
  44  3:55  Spore Crawler  
  45  3:59  Drone  
  46  4:02  Evolution Chamber  
  46  4:06  Drone x3  
  48  4:10  Overlord  
  48  4:12  Queen  
  48  4:14  Drone  
  48  4:17  Drone  
  50  4:25  Drone  
  50  4:27  Drone x4  
  50  4:28  Spore Crawler  
  52  4:32  Drone  
  52  4:35  Zerg Melee Weapons Level 1  
  52  4:36  Overlord  
  53  4:40  Zergling x6  
  56  4:48  Overlord  
  56  4:50  Zergling x4  
  56  4:51  Baneling Nest, Drone  
  56  4:52  Drone  
  59  4:55  Zergling x2  
  59  4:59  Zergling x6  
  62  5:04  Zergling x4  
  64  5:08  Zergling x4  
  64  5:09  Overlord  
  65  5:16  Zergling x6  
  65  5:19  Drone  
  66  5:21  Drone  
  66  5:27  Lair  
  63  5:29  Extractor, Drone x4  
  63  5:32  Drone x2  
  68  5:37  Drone x2  
  68  5:38  Drone  
  68  5:39  Drone  
  68  5:41  Drone  
  68  5:42  Drone x2  
  75  5:43  Hatchery  
  75  5:49  Overlord  
  74  5:50  Extractor x2, Pneumatized Carapace  
  74  5:51  Drone  
  74  5:53  Drone  
  74  5:54  Drone  
  75  5:57  Drone  
  75  5:59  Extractor  
  75  6:02  Drone x3  
  81  6:05  Overlord  
  81  6:06  Drone x2  
  81  6:10  Drone  
  81  6:11  Extractor  
  84  6:20  Drone x3  
  84  6:24  Drone x3  
  87  6:26  Centrifical Hooks  
  87  6:28  Hydralisk Den  
  87  6:32  Drone  
  86  6:36  Zergling x8  
  90  6:42  Overlord  
  90  6:43  Drone  
  90  6:44  Drone x6  
  90  6:45  Spore Crawler, Drone  
  97  6:48  Baneling x3  
  97  6:51  Zergling x2  
  98  6:59  Drone  
  97  7:06  Muscular Augments  
  97  7:08  Hydralisk  
  97  7:09  Hydralisk x6  
  97  7:11  Overlord  
  97  7:14  Overlord  
  111  7:19  Zerg Melee Weapons Level 2  
  111  7:21  Queen  
  112  7:23  Drone x2  
  112  7:24  Overlord x2  
  112  7:28  Drone  
  114  7:30  Hydralisk x2  
  114  7:34  Hydralisk x2  
  122  7:38  Overlord  
  122  7:43  Hydralisk x3  
  122  7:44  Zergling x4  
  130  7:55  Hydralisk x4, Overlord  
  130  7:56  Hydralisk  
  140  8:01  Hydralisk  
  140  8:02  Hydralisk x3  
  144  8:13  Drone x3  
  144  8:16  Hydralisk x2, Zergling x2  
  144  8:17  Zergling x10  
  157  8:23  Hydralisk x2  
  157  8:24  Zergling x4  
  161  8:29  Zergling x8  
  161  8:31  Zergling x4  
  167  8:34  Overlord x2  
  167  8:39  Baneling x8  
  167  8:40  Baneling x3  
  167  8:43  Baneling x2  
  167  8:44  Baneling  
  167  8:52  Overlord x3  
  167  8:57  Zergling x6  
  167  8:58  Zergling x6  
  173  9:05  Hatchery  
  171  9:11  Baneling x4  
  171  9:12  Baneling x8  
  171  9:19  Overlord  
  171  9:22  Overlord  
  171  9:23  Zergling x2  
  171  9:24  Zergling x18  
  153  9:35  Hydralisk x3  
  153  9:36  Zergling x16  
  153  9:41  Drone  
  153  9:44  Zergling x4  
  150  9:52  Infestation Pit  
  143  9:54  Zergling x2  
  143  9:55  Zergling x10  
  141  10:03  Baneling  
  141  10:04  Baneling x14  
  141  10:06  Zergling x4  
  141  10:07  Zergling x16  
  143  10:10  Drone  
  144  10:19  Zergling x8, Drone  
  144  10:20  Zergling x4  
  151  10:25  Zergling x10  
  155  10:31  Spire  
  155  10:35  Zergling x2  
  152  10:36  Zergling x12  
  152  10:37  Baneling x2  
  152  10:38  Baneling x12  
  152  10:39  Baneling x2  
  154  10:44  Hydralisk x2  
  154  10:45  Zergling x4  
  154  10:49  Queen  
  160  10:51  Drone x3  
  160  10:54  Overlord x2  
  165  10:58  Swarm Host, Hydralisk  
  165  11:02  Baneling x4  
  165  11:03  Baneling x2  
  170  11:06  Zergling x2  
  170  11:07  Zergling x10  
  166  11:19  Zergling x2  
  166  11:20  Zergling x20  
Tags
 
Add a new tag
Caveats
  • Supply blocks, unpowered buildings, or Contaminate may cause inaccurate times.
  • Supply counts are checked every 10 seconds.